 Dungeon Crawl Stone Soup version 0.23-a0-650-ga4d50d4 (webtiles) character file.

121 zishaf the Firebug (level 4, -4/24 HPs)
             Began as a Deep Elf Fire Elementalist on Jan 7, 2019.
             Slain by an orc
             ... wielding a +0 hand axe
              (5 damage)
             ... on level 2 of the Dungeon.
             The game lasted 00:06:06 (2547 turns).

zishaf the Firebug (Deep Elf Fire Elementalist)     Turns: 2547, Time: 00:06:07

Health: -4/24      AC:  2    Str:  5    XL:     4   Next: 76%
Magic:  12/20      EV: 13    Int: 21    God:
Gold:   92         SH:  0    Dex: 15    Spells: 2/10 levels left

rFire    . . .     SeeInvis .   t - +4 quarterstaff (chaos)
rCold    . . .     Gourm    +   (shield currently unavailable)
rNeg     . . .     Faith    .   a - +0 robe
rPois    .         Spirit   .   (no helmet)
rElec    .         Reflect  .   (no cloak)
rCorr    .         Harm     .   (no gloves)
MR       .....                  (no boots)
Stlth    ++........             s - amulet of the gourmand
HPRegen  0.08/turn              p - ring of magical power
MPRegen  0.17/turn              (no ring)

@: no status effects
A: no striking features
a: no special abilities


You were on level 2 of the Dungeon.
You were hungry.

You visited 1 branch of the dungeon, and saw 3 of its levels.

You collected 92 gold pieces.

Inventory:

Hand Weapons
 t - a +4 quarterstaff of chaos (weapon)
Missiles
 g - 97 stones (quivered)
Armour
 a - a +0 robe (worn)
Jewellery
 p - a ring of magical power (left hand)
 s - an amulet of the gourmand (around neck)
Scrolls
 d - a scroll of amnesia {unknown}
 e - a scroll of magic mapping {unknown}
 i - a scroll of noise {unknown}
 k - a scroll of remove curse
 m - a scroll of identify {unknown}
 n - a scroll of teleportation {unknown}
 o - a scroll of random uselessness {unknown}
Potions
 b - 3 potions of degeneration {unknown}
 f - a potion of lignification {unknown}
 h - a potion of resistance {unknown}
 j - a potion of heal wounds {unknown}
 l - a potion of curing {unknown}
 q - a potion of agility {unknown}
 r - a potion of flight {unknown}
Comestibles
 c - 4 rations


   Skills:
 + Level 3.3 Dodging
 - Level 2.4 Stealth
 + Level 3.8 Spellcasting
 * Level 3.0 Conjurations
 * Level 4.4 Fire Magic


You had 2 spell levels left.
You knew the following spells:

 Your Spells              Type           Power        Failure   Level  Hunger
a - Flame Tongue          Conj/Fire      ###..        2%          1    None
b - Throw Flame           Conj/Fire      ###...       4%          2    #......
c - Conjure Flame         Conj/Fire      ###.....     8%          3    ###....
d - Blink                 Tloc           N/A          19%         2    #......

Your spell library contained the following spells:

 Spells                   Type           Power        Failure   Level  Hunger
 Magic Dart               Conj           ###.         3%          1    None
 Confusing Touch          Hex            #.....       12%         1    None
 Call Imp                 Summ           #.......     19%         2    #......
 Slow                     Hex            #.......     19%         2    #......
 Inner Flame              Hex/Fire       ##......     14%         3    ###....
 Mephitic Cloud           Conj/Pois/Air  #.......     24%         3    ###....
 Sticky Flame             Conj/Fire      ###.....     26%         4    ####...
 Confuse                  Hex            #.......     36%         3    ###....
 Gell's Gravitas          Tloc           #.........   36%         3    ###....
 Fireball                 Conj/Fire      ###.......   58%         5    ######.
 Petrify                  Tmut/Erth      #.......     77%         4    ####...
 Metabolic Englaciation   Hex/Ice        #.........   98%         5    ######.
 Yara's Violent Unravell  Hex/Tmut       #.........   98%         5    ######.


Dungeon Overview and Level Annotations

Branches:
Dungeon (3/15)

Altars:


Message History

The flame tongue hits the orc.
The orc appears unharmed.
The orc is severely wounded.
The orc hits you.
* * * LOW HITPOINT WARNING * * *
The orc barely misses you.
Casting: Flame Tongue (safe; 2% risk of failure)
Confirm with . or Enter, or press ? or * to list all spells.
Aiming: Flame Tongue (safe; 2% risk of failure)
Press: ? - help, Shift-Dir - straight line, f/p - orc
Aim: an orc, wielding a +0 hand axe and wearing a +0 chain mail (severely The flame tongue misses the orc.
The orc barely misses you. x2
Casting: Flame Tongue (safe; 2% risk of failure)
Confirm with . or Enter, or press ? or * to list all spells.
Aiming: Flame Tongue (safe; 2% risk of failure)
Press: ? - help, Shift-Dir - straight line, f/p - orc
Aim: an orc, wielding a +0 hand axe and wearing a +0 chain mail (severely The flame tongue hits the orc.
The orc is almost dead.
The orc hits you but does no damage. The orc hits you with a +0 hand axe.
You die...

#.........#
#<#######.#
# #...# #.#
# ###.# #.#
# #.# #.# #
#.# #.# #
#.# #.# #
#.# #o# #.#
#@# #.# #o#
#.#####{##
#.#....#.#
#...###.##
# ##..# ###
# #..# #
#######..#
#
#........#


You could see 2 orcs.

Vanquished Creatures
  Crazy Yiuf (D:2)
  Jessica (D:2)
  An ooze (D:1)
  2 worms (D:2)
  2 dart slugs
  3 leopard geckos
  A giant cockroach (D:1)
  6 goblins
  4 hobgoblins
  10 kobolds
  A ball python (D:2)
  6 bats
  2 frilled lizards
  8 rats
  A fungus (D:2)
49 creatures vanquished.

Notes
Turn   | Place    | Note
-------+----------+-------------------------------------------
     0 | D:1      | zishaf the Deep Elf Fire Elementalist began the quest for
                  | the Orb.
     0 | D:1      | Reached XP level 1. HP: 10/10 MP: 6/6
   165 | D:1      | Reached XP level 2. HP: 15/15 MP: 4/8
   171 | D:1      | Learned a level 2 spell: Throw Flame
   535 | D:1      | Reached XP level 3. HP: 15/19 MP: 5/9
   540 | D:1      | Learned a level 3 spell: Conjure Flame
  1489 | D:2      | Learned a level 2 spell: Blink
  1531 | D:2      | Reached skill level 4 in Fire Magic
  1903 | D:2      | Noticed Jessica
  1935 | D:2      | Killed Jessica
  1935 | D:2      | Reached XP level 4. HP: 24/24 MP: 3/11
  2241 | D:2      | Found a runed door.
  2279 | D:2      | Noticed Crazy Yiuf
  2285 | D:2      | Killed Crazy Yiuf
  2545 | D:2      | HP: 1/24 [orc (5)]
  2547 | D:2      | Slain by an orc

Vault maps used:
D:1:      saegor_arrival_miasma, minmay_ruptured
D:2:      st_stairs_9, uniq_jessica, uniq_crazy_yiuf_cottage
D:3:      nicolae_overflow_hidden_temple, first_ration, hex_large, st_stairs_2

Skill      XL: |  1  2  3  4 |
---------------+-------------+-----
Conjurations   | 2 3 |  3.0
Fire Magic     | 4 |  4.4
Dodging        | 3 |  3.3
Stealth        | |  2.4
Spellcasting   | |  3.8

Action                   |  1- 3 |  4- 6 || total
-------------------------+-------+-------++-------
 Cast: Flame Tongue      |    69 |    25 ||    94
       Throw Flame       |     1 |     1 ||     2
       Conjure Flame     |       |     1 ||     1
  Use: Scroll            |     1 |       ||     1
  Eat: Chunk             |     3 |     1 ||     4
Armor: Robe              |     3 |     2 ||     5
Dodge: Dodged            |    18 |    19 ||    37

Table legend:
 A = Non-vault XP
 B = Vault XP
 C = Vault XP percentage of total XP
 D = Non-vault monster count
 E = Vault monster count
 F = Vault count percentage of total count
                 A         B        C        D         E       F
            +---------+---------+-------+---------+---------+-------
      Total |      83 |      90 |  52.0 |      41 |       7 |  14.6
            +---------+---------+-------+---------+---------+-------
        D:1 |      44 |       7 |  13.7 |      22 |       3 |  12.0
        D:2 |      36 |      83 |  69.7 |      17 |       4 |  19.0
        D:3 |       3 |       0 |   0.0 |       2 |       0 |   0.0
            +---------+---------+-------+---------+---------+-------
